 Dungeon Crawl Stone Soup version 0.20-a0-1122-gb7cbeb9 (webtiles) character file.

240781 Rrauwl the Shatterer (level 19, 0/276 HPs)
             Began as a Troll Monk on May 13, 2017.
             Was the Champion of the Shining One.
             Slain by a water elemental (12 damage)
             ... summoned by Ilsuiw
             ... on level 4 of the Shoals on May 14, 2017.
             The game lasted 02:33:12 (31298 turns).

Rrauwl the Shatterer (Troll Monk)                  Turns: 31298, Time: 02:33:13

Health: 0/276      AC: 36    Str: 33    XL:     19   Next: 5%
Magic:  25/25      EV:  1    Int:  6    God:    the Shining One [******]
Gold:   3114       SH:  0    Dex: 20    Spells: 18/18 levels left

rFire    + . .     SeeInvis +   a - +5 giant spiked club (protect)
rCold    . . .     Gourm    +   (shield currently unavailable)
rNeg     + + +     Faith    .   (armour currently unavailable)
rPois    +         Spirit   .   (helmet currently unavailable)
rElec    .         Reflect  .   (cloak currently unavailable)
rCorr    .         Harm     .   (gloves unavailable)
MR       +....     NoTele   +   (boots unavailable)
Stlth    ++........             A - amulet of Woamisos {+Rage +Inv rPois rN+ Str+6}
Regen    1.0/turn               i - +3 ring of slaying
MPRegen  0.2/turn               R - ring of protection from fire

@: agile, tree-form, sleeping, engulfed, protection aura, mesmerised, hasted and
slowed, glowing
A: unfitting armour, rugged brown scales 1, see invisible, fast metabolism 3,
gourmand, regeneration 1
}: 1/15 runes: serpentine
a: Divine Shield, Cleansing Flame, Summon Divine Warrior, Brand Weapon With Holy
Wrath, Renounce Religion, Evoke Berserk Rage, Evoke Invisibility


You were on level 4 of the Shoals.
You worshipped the Shining One.
The Shining One was exalted by your worship.
You were very full.
You were a tree.
You visited 8 branches of the dungeon, and saw 34 of its levels.
You visited the Abyss 1 time.
You also visited: Trove.

You collected 3909 gold pieces.
You spent 795 gold pieces at shops.

Inventory:

Hand Weapons
 a - a +5 giant spiked club of protection (weapon)
Missiles
 c - 22 large rocks (quivered)
Armour
 B - a +2 hat of see invisible (melded)
 G - +7 gold dragon scales (melded)
 T - the +0 cloak "Sonig" (melded) {-Cast rElec rPois}
   (You found it in a treasure trove)

   It insulates you from electricity.
   It protects you from poison.
   It prevents spellcasting.
Jewellery
 i - a +3 ring of slaying (left branch)
 A - the amulet of Woamisos (around neck) {+Rage +Inv rPois rN+ Str+6}
   (You acquired it on level 2 of the Snake Pit)

   [amulet of rage]

   It affects your strength (+6).
   It protects you from poison.
   It protects you from negative energy.
   It lets you turn invisible.
   It lets you go berserk.
 R - a ring of protection from fire (right branch)
Wands
 f - a wand of lightning (9/15)
 h - a wand of enslavement (14/24)
 j - a wand of acid (12/15)
 y - a wand of scattershot (2/9)
 C - a wand of iceblast (6/15)
 J - a wand of confusion (24/48)
 Q - a wand of disintegration (13/24)
Scrolls
 g - 8 scrolls of identify
 m - 6 scrolls of recharging
 o - 12 scrolls of remove curse
 p - 2 scrolls of amnesia
 q - 5 scrolls of magic mapping
 u - 6 scrolls of fear
 v - 5 scrolls of fog
 z - 5 scrolls of teleportation
 K - a scroll of immolation
 L - 2 scrolls of blinking
Potions
 k - a potion of mutation
 n - 5 potions of flight
 r - a potion of cancellation
 x - 2 potions of haste
 D - 3 potions of brilliance
 F - a potion of curing
 O - 2 potions of resistance
Miscellaneous
 d - a lightning rod (4/4)
 E - a box of beasts
 I - a sack of spiders
 U - a lamp of fire
Comestibles
 b - 27 fruits
 l - 3 chunks of flesh
 s - 2 bread rations
 t - 17 royal jellies
 w - 2 meat rations


   Skills:
 - Level 9.0 Fighting
 - Level 22.0 Maces & Flails
 + Level 9.0 Throwing
 - Level 8.0 Armour
 - Level 7.1 Dodging
 - Level 1.0 Stealth
 - Level 9.0 Invocations
 - Level 10.0 Evocations


You had 18 spell levels left.
You didn't know any spells.

Dungeon Overview and Level Annotations

Branches:
Dungeon (15/15)            Temple (1/1) D:4            Lair (6/6) D:10
 Shoals (4/4) Lair:4        Snake (4/4) Lair:2          Orc (2/2) D:10
    Elf (0/3) Orc:2        Vaults (1/5) D:14         Depths (1/5) D:15
  Slime: Lair:5-6

Altars:
Ashenzari
Cheibriados
Dithmenos
Elyvilon
Fedhas
Gozag
Hepliaklqana
Kikubaaqudgha
Makhleb
Nemelex Xobeh
Okawaru
Qazlal
Ru
Sif Muna
Trog
Uskayaw
Vehumet
Wu Jian
Xom
Yredelemnul
Zin
The Shining One
Beogh

Shops:
D:12 [   Orc:1 *(*   Orc:2 *([}**

Portals:
Abyss: Depths:1
Pandemonium: Depths:1

Annotations:
Lair:6 exclusion: 2 oklob plants
Shoals:4 Ilsuiw
Depths:1 Mara


Innate Abilities, Weirdness & Mutations

You are too large for most types of armour.
((You have claws for hands.))
Your metabolism is lightning-fast.
You like to eat raw meat.
Your natural rate of healing is unusually fast.
((You are covered in fur. (AC +1)))
((You have very tough skin. (AC +2)))
(You are partially covered in rugged brown scales. (AC +1, +3% HP))
You have supernaturally acute eyesight. (SInv)
((Your flesh is heat resistant. (rF+)))


Message History

The dream sheep bites you but does no damage.
Ilsuiw hits you but does no damage. The water elemental hits you.
The merfolk siren chants its luring song.
The merfolk javelineer throws a javelin.
The javelin hits you!
* * * LOW HITPOINT WARNING * * *
The merfolk siren chants its luring song.
The merfolk hits you but does no damage.
The water elemental completely misses you.
You skewer the merfolk javelineer like a kebab!!!
You kill the merfolk javelineer!
Your Throwing skill increases to level 9!
The merfolk siren chants its luring song.
The dream sheep bites you but does no damage.
Ilsuiw hits you but does no damage.
The merfolk siren chants its luring song.
The dream sheep are wreathed in dream dust.
You feel drowsy...
You fall asleep.
The water elemental hits you!
You die...

.....≈...≈..≈≈#
#≈....(≈...≈≈≈
#......≈.≈≈≈≈
#..^..≈≈≈≈≈≈≈≈
#≈.C.≈≈≈≈≈≈≈≈≈
##...≈≈≈≈≈≈≈≈≈≈
##.(†≈≈≈≈≈≈≈≈≈≈
#..YE≈≈≈≈≈≈≈≈≈≈
..##m♣EE≈≈≈≈≈≈≈≈≈
#..(YCm)m.≈≈≈≈≈≈≈≈≈
###..YmYm..≈≈≈≈≈≈≈≈
#....Y).(<.≈≈≈≈≈≈
..........<.≈≈≈≈≈≈
..$........)...≈≈≈≈
................≈≈≈
............^≈≈..≈≈
..........≈≈.≈≈≈≈


You could see Ilsuiw (invisible), a merfolk, 2 cyclopes, 3 water elementals, 3
merfolk sirens and 5 dream sheep.

Vanquished Creatures
  Saint Roka (Orc:2)
  Jorgrun (Shoals:4)
  The ghost of Kiel97 the Impaler, an adept DsGl of Makhleb (Vaults:1)
  The ghost of Welfe the Warrior, an adept MiBe of Trog (Snake:3)
  Kirke (Shoals:1)
  Frances (D:14)
  2 sphinxes
  7 nagarajas
  A deep elf sorcerer (Vaults:1)
  4 vault wardens (Vaults:1)
  3 ironheart preservers (Vaults:1)
  A war gargoyle (Vaults:1)
  A very ugly thing (Vaults:1)
  3 stone giants
  3 ettins (Vaults:1)
  Josephine (D:10)
  2 fire dragons
  4 merfolk impalers
  Snorg (Lair:5)
  7 ogre magi
  4 merfolk javelineers
  3 yaktaur captains (Vaults:1)
  A great orb of eyes (Vaults:1)
  7 vault guards (Vaults:1)
  6 hydras
  Harold (D:10)
  13 naga warriors
  An ice dragon (Vaults:1)
  4 merfolk avatars
  A merfolk aquamancer (Shoals:3)
  3 centaur warriors
  2 death knights
  7 anacondas
  6 death yaks
  2 rakshasas (Vaults:1)
  A deep troll shaman (Lair:6)
  A catoblepas (Lair:6)
  17 two-headed ogres
  8 shock serpents
  An orc high priest (Orc:2)
  4 tengu warriors
  Urug (Lair:5)
  2 thrashing horrors (Abyss:3)
  8 naga sharpshooters
  Nergalle (Orc:1)
  2 deep elf knights (Vaults:1)
  A salamander mystic (Snake:3)
  A spatial maelstrom (Abyss:3)
  2 skeletal warriors (D:15)
  11 sea snakes
  6 unseen horrors
  A deep elf archer (Vaults:1)
  A deep troll (Vaults:1)
  2 wizards
  The ghost of Kriby the Magician, a novice OpWz of Sif Muna (D:7)
  A glowing orange brain (Depths:1)
  5 naga ritualists
  A lindwurm (Lair:6)
  Pikel (D:5)
  7 ironbrand convokers (Vaults:1)
  A glowing orange brain (shapeshifter) (Vaults:1)
  3 necromancers
  A mana viper (shapeshifter) (Vaults:1)
  A phantasmal warrior (D:15)
  6 oklob plants
  2 mana vipers (Snake:4)
  3 wolf spiders
  An orb spider (Abyss:3)
  19 ugly things
  7 manticores
  8 orc knights
  8 fauns
  3 orc sorcerers
  A wolf spider (shapeshifter) (Vaults:1)
  A deep elf mage (D:15)
  9 slime creatures
  9 merfolk sirens
  13 salamanders
  6 cyclopes
  4 vault sentinels (Vaults:1)
  An iron dragon skeleton (D:15)
  17 naga magi
  5 elephants
  33 black mambas
  A water nymph (Shoals:3)
  6 guardian serpents
  Psyche (D:8)
  An apocalypse crab (Abyss:3)
  2 gargoyles
  11 spiny frogs
  9 yaktaurs
  2 yaktaur zombies (D:15)
  2 torpor snails
  An efreet (D:14)
  A rime drake (shapeshifter) (Vaults:1)
  2 kobold demonologists (D:13)
  A hellwing (Abyss:3)
  4 komodo dragons
  A spriggan skeleton (D:15)
  A komodo dragon (shapeshifter) (Vaults:1)
  An ancient zyme (Abyss:3)
  3 meliai (Lair:4)
  A tengu conjurer (Depths:1)
  6 trolls
  12 merfolk
  2 wind drakes
  3 polar bears
  A queen bee (Lair:4)
  3 hornets
  A hydra skeleton (Abyss:3)
  4 raiju (Abyss:3)
  Prince Ribbit (D:7)
  19 dream sheep
  4 snapping turtles
  An air elemental (D:12)
  12 hippogriffs
  A human simulacrum (Vaults:1)
  A shadow (D:15)
  7 water elementals
  32 yaks
  6 wraiths
  2 wyverns
  4 hogs (Shoals:1)
  A basilisk (Lair:3)
  A fire elemental (D:12)
  2 hungry ghosts
  4 large abominations (Abyss:3)
  A golden eye (shapeshifter) (Abyss:3)
  8 vampire mosquitoes
  26 nagas
  A chaos spawn (Abyss:3)
  A spatial vortex (Abyss:3)
  5 wargs
  25 water moccasins
  A floating eye (shapeshifter) (Depths:1)
  A floating eye (Depths:1)
  11 porcupines
  2 eyes of draining
  3 ice beasts
  4 sky beasts
  A phantom (D:11)
  2 black bears
  39 orc warriors
  A black bear (shapeshifter) (Vaults:1)
  A necrophage (D:8)
  4 wolves (Lair:6)
  33 ogres
  A hornet zombie (D:8)
  9 centaurs
  5 boggarts (Vaults:1)
  18 crocodiles
  The ghost of xsansara the Sneak, an amateur OpAr of Dithmenos (D:3)
  5 big kobolds
  20 bullfrogs
  An earth elemental (D:12)
  A wyvern skeleton (D:13)
  A water moccasin skeleton (D:10)
  6 scorpions
  7 wights
  17 killer bees
  5 electric eels
  4 howler monkeys
  7 crimson imps
  A bullfrog zombie (D:7)
  4 hounds
  5 centaur zombies
  A bullfrog skeleton (D:9)
  8 jellies
  25 orc priests
  4 centaur skeletons
  27 orc wizards
  8 worker ants
  Natasha (thrice) (D:3)
  4 iguanas
  2 small abominations (Abyss:3)
  2 hound skeletons
  A hound zombie (D:11)
  A howler monkey zombie (D:7)
  2 worker ant zombies
  7 gnolls
  15 adders
  3 shadow imps
  A white imp (Abyss:3)
  An ufetubus (Abyss:3)
  An ooze (D:3)
  2 adder zombies
  2 adder skeletons
  2 worms (D:2)
  3 dart slugs (D:1)
  7 leopard geckos
  113 orcs
  4 ball pythons
  18 bats
  5 giant cockroaches
  7 goblins
  5 hobgoblins
  6 jackals
  7 quokkas
  5 frilled lizards
  14 kobolds
  A leopard gecko skeleton (D:4)
  A quokka skeleton (D:6)
  5 rats
1148 creatures vanquished.

Vanquished Creatures (collateral kills)
  A nagaraja (Snake:4)
  An orc warlord (Orc:2)
  2 naga warriors
  An ettin (D:14)
  An ogre mage (Vaults:1)
  A shock serpent (Snake:3)
  An unseen horror (D:14)
  A deep troll (Vaults:1)
  A naga ritualist (Snake:4)
  An orc sorcerer (Orc:2)
  A deep elf mage (D:14)
  2 black mambas (Snake:4)
  4 naga magi
  2 trolls (Orc:2)
  2 vampire mosquitoes (D:14)
  4 nagas
  3 orc warriors (Orc:2)
  3 centaurs (D:14)
  An orc wizard (Orc:2)
  2 orcs (Orc:2)
35 creatures vanquished.

Vanquished Creatures (others)
  7 fungi
  6 plants
13 creatures vanquished.

Grand Total: 1196 creatures vanquished

Notes
Turn   | Place    | Note
-------+----------+-------------------------------------------
     0 | D:1      | Rrauwl the Troll Monk began the quest for the Orb.
     0 | D:1      | Reached XP level 1. HP: 22/22 MP: 0/0
   148 | D:1      | Reached skill level 3 in Maces & Flails
   194 | D:1      | Reached XP level 2. HP: 24/29 MP: 1/1
   583 | D:1      | Reached XP level 3. HP: 36/36 MP: 2/2
   772 | D:2      | Found a shattered altar of Ashenzari.
   802 | D:2      | Reached skill level 4 in Maces & Flails
  1182 | D:2      | Reached XP level 4. HP: 36/44 MP: 3/3
  1539 | D:3      | Reached skill level 5 in Maces & Flails
  1565 | D:3      | Noticed Natasha
  1574 | D:3      | Killed Natasha
  1574 | D:3      | Reached XP level 5. HP: 44/50 MP: 4/4
  1763 | D:3      | Noticed xsansara's ghost (amateur OpAr)
  1774 | D:3      | Killed xsansara's ghost
  1774 | D:3      | Reached skill level 6 in Maces & Flails
  1774 | D:3      | Reached XP level 6. HP: 51/59 MP: 5/5
  1894 | D:3      | Gained mutation: Your flesh is cold resistant. (rC+) [potion of mutation]
  1894 | D:3      | Gained mutation: You are agile. (Dex +2) [potion of mutation]
  1894 | D:3      | Gained mutation: You have supernaturally acute eyesight. (SInv) [potion of mutation]
  1894 | D:3      | Gained mutation: You are partially covered in rugged brown scales. (AC +1, +3% HP) [potion of mutation]
  1924 | D:3      | Noticed Natasha
  1933 | D:3      | Killed Natasha
  2046 | D:3      | Found a hazy altar of Hepliaklqana.
  2158 | D:3      | Noticed Natasha
  2171 | D:3      | Killed Natasha
  2253 | D:4      | Found a staircase to the Ecumenical Temple.
  2264 | Temple   | Entered the Ecumenical Temple
  2316 | Temple   | Became a worshipper of the Shining One
  2316 | Temple   | Reached * piety under the Shining One
  2316 | Temple   | Reached ** piety under the Shining One
  2591 | D:4      | Reached skill level 7 in Maces & Flails
  2966 | D:4      | Reached XP level 7. HP: 42/67 MP: 6/6
  3106 | D:5      | Entered Level 5 of the Dungeon
  3184 | D:5      | Noticed Pikel
  3227 | D:5      | Killed Pikel
  3227 | D:5      | Reached skill level 9 in Maces & Flails
  3227 | D:5      | Reached XP level 8. HP: 46/76 MP: 7/7
  3740 | D:6      | Noticed a brown ugly thing
  3748 | D:6      | Killed a brown ugly thing
  3748 | D:6      | Reached skill level 10 in Maces & Flails
  3812 | D:6      | Found a burning altar of Makhleb.
  3812 | D:6      | Noticed a blizzard demon
  3815 | D:6      | Found a glowing silver altar of Zin.
  3816 | D:6      | Noticed an angel
  4211 | D:7      | Reached *** piety under the Shining One
  4211 | D:7      | Reached skill level 11 in Maces & Flails
  4211 | D:7      | Reached XP level 9. HP: 67/82 MP: 8/8
  4417 | D:7      | Noticed Kriby's ghost (novice OpWz)
  4425 | D:7      | Killed Kriby's ghost
  4479 | D:7      | Reached skill level 12 in Maces & Flails
  4669 | D:7      | Noticed Prince Ribbit
  4677 | D:7      | Killed Prince Ribbit
  5128 | D:8      | Identified a scroll of acquirement
  5154 | D:8      | Found a stormy altar of Qazlal.
  5157 | D:8      | Found a bloodstained altar of Trog.
  5172 | D:8      | Noticed a two-headed ogre
  5180 | D:8      | Killed a two-headed ogre
  5180 | D:8      | Reached XP level 10. HP: 52/90 MP: 9/9
  5207 | D:8      | Found a blossoming altar of Fedhas.
  5319 | D:8      | Found a basalt altar of Yredelemnul.
  5319 | D:8      | Found a radiant altar of Vehumet.
  5379 | D:8      | Noticed a two-headed ogre
  5395 | D:8      | Killed a two-headed ogre
  5395 | D:8      | Reached skill level 5 in Dodging
  5447 | D:8      | Found a shadowy altar of Dithmenos.
  5548 | D:8      | Noticed Psyche
  5567 | D:8      | Killed Psyche
  5567 | D:8      | Reached skill level 13 in Maces & Flails
  5567 | D:8      | Reached skill level 1 in Armour
  5688 | D:9      | Found a bloodstained altar of Trog.
  5797 | D:9      | Reached **** piety under the Shining One
  6264 | D:10     | Entered Level 10 of the Dungeon
  6335 | D:10     | Noticed Josephine
  6352 | D:10     | Killed Josephine
  6352 | D:10     | Reached XP level 11. HP: 90/96 MP: 10/10
  6524 | D:10     | Found a staircase to the Orcish Mines.
  6526 | D:10     | Noticed Harold
  6541 | D:10     | Killed Harold
  6634 | D:10     | Reached skill level 5 in Armour
  6748 | D:10     | Reached skill level 14 in Maces & Flails
  6987 | D:10     | Noticed an unseen horror
  7004 | D:10     | Killed an unseen horror
  7004 | D:10     | Reached skill level 1 in Invocations
  7004 | D:10     | Reached skill level 1 in Evocations
  7353 | D:10     | Found a staircase to the Lair.
  7482 | Lair:1   | Entered Level 1 of the Lair of Beasts
  7725 | Lair:1   | Reached ***** piety under the Shining One
  8535 | Lair:2   | Found a staircase to the Snake Pit.
  8807 | Lair:2   | Reached XP level 12. HP: 100/110 MP: 13/13
  9193 | Lair:2   | Noticed a death yak
  9223 | Lair:2   | Killed a death yak
  9504 | Lair:3   | Reached skill level 5 in Fighting
  9834 | Lair:3   | Reached skill level 15 in Maces & Flails
 10369 | Lair:4   | Found a staircase to the Shoals.
 10716 | Lair:4   | Reached XP level 13. HP: 118/127 MP: 12/15
 10964 | Lair:5   | Noticed Urug
 10976 | Lair:5   | Killed Urug
 11009 | Lair:5   | Noticed Snorg
 11024 | Lair:5   | Killed Snorg
 11539 | Lair:5   | Found a runed door.
 11542 | Lair:5   | Got a jewelled war axe
 11543 | Lair:5   | Identified the +7 war axe "Uzxegrull" {speed, *Corrode rPois Int+6 Stlth+} (You found it on level 5 of the Lair of Beasts)
 11868 | Lair:5   | Reached skill level 16 in Maces & Flails
 11887 | Lair:5   | Got a slimy whip
 11888 | Lair:5   | Identified the +6 whip of Cies {slash, +Rage Int+4} (You found it on level 5 of the Lair of Beasts)
 11904 | Lair:6   | Entered Level 6 of the Lair of Beasts
 12802 | Lair:6   | Reached skill level 5 in Invocations
 13658 | D:11     | Reached XP level 14. HP: 130/144 MP: 15/17
 13901 | D:11     | Reached skill level 1 in Throwing
 14135 | D:11     | Reached skill level 17 in Maces & Flails
 14165 | D:11     | Found a blossoming altar of Fedhas.
 14607 | D:12     | Reached ****** piety under the Shining One
 14935 | D:12     | Found Uway's Armour Shoppe.
 14964 | D:12     | Found a large runed door.
 14964 | D:12     | Found a large runed door.
 15223 | D:12     | Found a burning altar of Makhleb.
 15361 | D:12     | Got a pitted shield
 15362 | D:12     | Identified the +2 shield of Keubew {rN+ Int+4} (You acquired it on level 12 of the Dungeon)
 16084 | D:14     | Gained mutation: Potions are less effective at restoring your health. [mutagenic meat]
 16085 | D:14     | Gained mutation: Your flesh is heat resistant. (rF+) [mutagenic meat]
 16086 | D:14     | Gained mutation: Armour fits poorly on your strangely shaped body. [mutagenic meat]
 16087 | D:14     | Lost mutation: You are agile. (Dex +2) [mutagenic meat]
 16088 | D:14     | Lost mutation: Potions are less effective at restoring your health. [potion of mutation]
 16088 | D:14     | Lost mutation: Armour fits poorly on your strangely shaped body. [potion of mutation]
 16088 | D:14     | Lost mutation: Your flesh is cold resistant. (rC+) [potion of mutation]
 16088 | D:14     | Gained mutation: You evolve. [potion of mutation]
 16394 | D:14     | Reached skill level 5 in Throwing
 16471 | D:14     | Noticed Frances
 16479 | D:14     | Killed Frances
 16644 | D:14     | Found a portal to a secret trove of treasure.
 16832 | D:14     | Found a gate to the Vaults.
 17140 | D:14     | Lost mutation: You evolve. [evolution]
 17394 | D:15     | Entered Level 15 of the Dungeon
 17629 | D:15     | Reached XP level 15. HP: 141/150 MP: 20/20
 17664 | D:15     | Found a staircase to the Depths.
 17877 | D:15     | Found a hide-covered altar of Uskayaw.
 17922 | D:15     | Reached skill level 18 in Maces & Flails
 18661 | Orc:1    | Entered Level 1 of the Orcish Mines
 18734 | Orc:1    | Found Simai's Weapon Emporium.
 18758 | Orc:1    | Found Waicaw's Assorted Antiques.
 18945 | Orc:2    | Entered Level 2 of the Orcish Mines
 18945 | Orc:2    | Found Ihaqemen's General Store.
 18953 | Orc:2    | Bought a scroll of blinking for 90 gold pieces
 18953 | Orc:2    | Bought a scroll of noise for 12 gold pieces
 18997 | Orc:2    | Found a roughly hewn altar of Beogh.
 19180 | Orc:2    | Found a roughly hewn altar of Beogh.
 19284 | Orc:2    | Found Plog's Assorted Antiques.
 19296 | Orc:2    | Found a roughly hewn altar of Beogh.
 19354 | Orc:2    | Found Hupn's Assorted Antiques.
 19383 | Orc:2    | Bought a runed lead wand for 80 gold pieces
 19383 | Orc:2    | Bought a scroll of brand weapon for 400 gold pieces
 19405 | Orc:2    | Found a roughly hewn altar of Beogh.
 19422 | Orc:2    | Found Xousiw's Assorted Antiques.
 19489 | Orc:2    | Found a staircase to the Elven Halls.
 19558 | Orc:2    | Noticed Saint Roka
 19615 | Orc:2    | Found a roughly hewn altar of Beogh.
 19615 | Orc:2    | Found Elonueg's Gadget Shoppe.
 19805 | Orc:2    | Noticed an orc warlord
 19832 | Orc:2    | Killed an orc warlord
 19970 | Orc:2    | Found Dochutol's Antique Weapon Boutique.
 19972 | Orc:2    | Found Cihum's Antique Armour Shop.
 19972 | Orc:2    | Found a roughly hewn altar of Beogh.
 20059 | Orc:2    | Bought 2 potions of curing for 120 gold pieces
 20123 | Orc:1    | Bought a potion of curing for 93 gold pieces
 20328 | Orc:2    | Found a roughly hewn altar of Beogh.
 20424 | Orc:2    | Killed Saint Roka
 20550 | Orc:1    | Found Puno's Assorted Antiques.
 20622 | Orc:1    | Noticed Nergalle
 20629 | Orc:1    | Killed Nergalle
 20977 | D:14     | You paid a toll of 15 potions of curing to enter a treasure trove
 20978 | Trove    | Entered a treasure trove
 21006 | Trove    | Got a bloodstained cloak
 21008 | Trove    | Got a smoking hat
 21026 | Trove    | Identified the cursed +0 cloak "Sonig" {-Cast rElec rPois} (You found it in a treasure trove)
 21037 | Trove    | Identified the +1 hat "Nemunuk" {MR- Str+3 Int+3 SInv} (You found it in a treasure trove)
 21068 | Trove    | Got a scintillating wooden ring
 21073 | Trove    | Got a vibrating steel amulet
 21074 | Trove    | Identified the cursed ring "Zoesiq" {MR- AC-3 Int+3 SInv} (You found it in a treasure trove)
 21076 | Trove    | Identified the amulet of Heakhlen {Faith *Contam rF++ Int+2 Stlth-} (You found it in a treasure trove)
 21217 | Depths:1 | Entered Level 1 of the Depths
 21332 | Depths:1 | Paralysed by a floating eye for 4 turns
 21425 | Depths:1 | Found a one-way gate to the infinite horrors of the Abyss.
 21455 | Depths:1 | Noticed a sphinx
 21456 | Depths:1 | Paralysed by a sphinx for 7 turns
 21466 | Depths:1 | Killed a sphinx
 21466 | Depths:1 | Reached skill level 19 in Maces & Flails
 21476 | Depths:1 | Paralysed by a floating eye for 4 turns
 21486 | Depths:1 | Reached XP level 16. HP: 123/160 MP: 17/21
 21564 | Depths:1 | Found a one-way gate leading to the halls of Pandemonium.
 21598 | Depths:1 | Noticed Mara
 21601 | Depths:1 | Noticed a tengu reaver
 21847 | Snake:1  | Entered Level 1 of the Snake Pit
 22863 | Snake:2  | Got a heavily runed diamond amulet
 22864 | Snake:2  | Identified the amulet of Woamisos {+Rage +Inv rPois rN+ Str+6} (You acquired it on level 2 of the Snake Pit)
 23604 | Snake:3  | Reached skill level 5 in Evocations
 23611 | Snake:3  | Reached skill level 20 in Maces & Flails
 23708 | Snake:3  | Noticed Welfe's ghost (adept MiBe)
 23732 | Snake:3  | Killed Welfe's ghost
 24423 | Snake:4  | Entered Level 4 of the Snake Pit
 24790 | Snake:4  | Reached XP level 17. HP: 154/166 MP: 6/22
 25691 | Snake:4  | Got a serpentine rune of Zot
 26143 | Vaults:1 | Entered Level 1 of the Vaults
 26209 | Vaults:1 | Reached skill level 21 in Maces & Flails
 26720 | Vaults:1 | HP: 2/166 [orc knight/great sword (19)]
 26723 | Vaults:1 | Reached XP level 18. HP: 9/176 MP: 10/24
 26844 | Vaults:1 | Noticed Kiel97's ghost (adept DsGl)
 26884 | Vaults:1 | Killed Kiel97's ghost
 26936 | Vaults:1 | Got a bone mace {distort}
 26937 | Vaults:1 | Identified the +7 mace "Zemp" {distort, +Rage Stlth+} (You took it off a vault warden on level 1 of the Vaults)
 27000 | Vaults:1 | Got a transparent scarf
 27001 | Vaults:1 | Identified the scarf of Agoraphobia {rElec Dex+2} (You acquired it on level 1 of the Vaults)
 27030 | Vaults:1 | Got an uncursed transparent flail {elec}
 27031 | Vaults:1 | Identified the +6 flail of Dishonesty {elec, rN+ Dex+4} (You took it off a vault sentinel on level 1 of the Vaults)
 27293 | Vaults:1 | Reached skill level 10 in Evocations
 27814 | Vaults:1 | Reached skill level 22 in Maces & Flails
 28771 | Shoals:1 | Entered Level 1 of the Shoals
 29018 | Shoals:1 | Noticed Kirke
 29034 | Shoals:1 | Killed Kirke
 30461 | Shoals:3 | Cast into level 3 of the Abyss (merfolk impaler)
 30501 | Abyss:3  | Found a bloodstained altar of Trog.
 30503 | Abyss:3  | Found a bloodstained altar of Trog.
 30642 | Abyss:3  | Found a bloodstained altar of Trog.
 30712 | Abyss:3  | HP: 7/176 [daeva/divine providence (12)]
 30824 | Shoals:3 | Escaped the Abyss
 31260 | Shoals:4 | Entered Level 4 of the Shoals
 31260 | Shoals:4 | Noticed Jorgrun
 31267 | Shoals:4 | Killed Jorgrun
 31267 | Shoals:4 | Reached XP level 19. HP: 184/184 MP: 25/25
 31271 | Shoals:4 | Noticed Ilsuiw
 31296 | Shoals:4 | HP: 13/276 [merfolk/trident (3)]
 31298 | Shoals:4 | Slain by a water elemental

Vault maps used:
D:1:      enne_arrival_octagon_isle
D:2:      minmay_wonky_spiral, evilmike_ruin_ashenzari, hangedman_decor_opposing
D:3:      nicolae_overflow_crystal_walls, uniq_natasha
D:4:      minmay_temple_entry_trees, first_bread
D:5:      uniq_pikel
D:6:      grunt_temple_overflow_order_and_chaos_2, grunt_decor_arrowhead,
          minmay_misc_feat_ornament
D:7:      uniq_prince_ribbit1
D:8:      fedhas_altar_1, gammafunk_temple_overflow_wave,
          nicolae_dithmenos_shadow_blocks, grunt_temple_overflow_open,
          uniq_psyche
D:9:      basic_altar
D:10:     grunt_lair_entry_orc_guard_hut, david_orc_1_choice,
          hangedman_fish_farm, minmay_misc_feat_chi, uniq_josephine, uniq_harold
D:11:     enter_bailey_7, hangedman_tree_tricks
D:12:     serial_shops, kennysheep_mini_moat, basic_altar,
          lightli_elemental_guards
D:13:     kennysheep_generic_room_16
D:14:     kennysheep_scales, david_vaults_1, trove_entry_hex_spiral,
          serial_park_tiny_1, corexii_hall_statues_t, uniq_frances
D:15:     gammafunk_depths_entry_grave, basic_altar
Temple:   minmay_temple_bridge_abc
Lair:1:   serial_bayou_shore_a, grunt_megastairs_3
Lair:2:   minmay_snake_entry_six_corridors, infiniplex_staircase_pool
Lair:3:   infiniplex_staircase_pool_2
Lair:4:   elwin_shoals_entry_stream, special_room, minmay_lair_oklob_chamber
Lair:5:   roderic_batcave, pf_torpor_hydra, uniq_snorg, uniq_urug
Lair:6:   grunt_lair_end_beastmaster, minmay_slime_entry_oklob_enclosed,
          grunt_megastairs_1, serial_bayou_shore_b, serial_bayou_shore_b
Shoals:1: uniq_kirke
Shoals:2: yaktaur_hedge
Shoals:3: nicolae_shoals_arrival_archipelago
Shoals:4: shoals_end_simple, shoals_ilsuiw_ice, uniq_jorgrun
Snake:1:  serial_bayou_shore_b, grunt_megastairs_2, lemuel_fruit_tree
Snake:2:  serial_bayou_shore_b
Snake:3:  st_stairs_4, serial_bayou_pond_b
Snake:4:  snake_pit
Orc:1:    serial_shops, shop, nicolae_shop_statue_plus, nicolae_shop_trees,
          uniq_nergalle
Orc:2:    grunt_orc_community_town_hall, grunt_orc_community_big_house_1,
          grunt_orc_community_big_house_2, grunt_orc_community_house_2,
          grunt_orc_community_house_1, grunt_orc_community_house_2,
          grunt_orc_community_house_1, basic_altar, serial_shops,
          nicolae_shop_crystal, nicolae_shop_overgrown_old_shop,
          nicolae_shop_crystal
Vaults:1: st_greater_box_4, ontoclasm_vaults_fault, v_alt_pattern_2,
          nicolae_vaults_inception_scallops, nicolae_vaults_big_ls,
          ontoclasm_vaults_gateway, ontoclasm_vaults_ligature
Depths:1: grunt_hell_entry_dis_mu, hangedman_decor_growths, abyss_entry,
          pan_entry, minmay_the_grid_square_5x5_4x4, uniq_mara
Abyss:3:  hangedman_elemental_corridor, hangedman_abyss_rune_macabre_mess
Trove:    trove_garden

Skill      XL: |  1  2  3  4  5  6  7  8  9 10 11 12 13 14 15 16 17 18 19 |
---------------+----------------------------------------------------------+-----
Maces & Flails | 3 4 5 6 7 9 11 12 13 14 15 16 17 19 20 21 22 | 22.0
Dodging        | 4 5 7 |  7.1
Armour         | 4 6 8 |  8.0
Invocations    | 3 4 6 8 9 |  9.0
Evocations     | 2 3 4 6 9 10 | 10.0
Fighting       | 3 7 9 |  9.0
Throwing       | 5 8 9 |  9.0
Stealth        | |  1.0

Action                   |  1- 3 |  4- 6 |  7- 9 | 10-12 | 13-15 | 16-18 | 19-21 || total
-------------------------+-------+-------+-------+-------+-------+-------+-------++-------
Melee: Mace              |    89 |    24 |       |       |       |       |       ||   113
       Whip              |       |   129 |   195 |   884 |   676 |       |       ||  1884
       War axe           |       |       |       |       |    10 |       |       ||    10
       Giant spiked club |       |       |       |       |   720 |  1185 |    14 ||  1919
Throw: Large rock        |       |       |       |       |    14 |    26 |     4 ||    44
Invok: Divine Shield     |       |       |       |       |     6 |     4 |       ||    10
       Summon Divine War |       |       |       |       |     1 |     8 |       ||     9
       Cleansing Flame   |       |       |       |       |       |     2 |       ||     2
 Abil: Evoke Berserk Rag |       |       |       |       |     2 |     2 |     1 ||     5
Evoke: Wand              |       |       |       |     1 |     2 |       |     1 ||     4
  Use: Potion            |       |     6 |     4 |     7 |    13 |    11 |     3 ||    44
       Scroll            |       |       |    17 |    10 |    23 |    20 |       ||    70
 Stab: Sleeping          |     2 |     1 |       |       |       |       |       ||     3
  Eat: Chunk             |    16 |    17 |    18 |    60 |   111 |    83 |       ||   305
       Fruit             |       |       |       |       |       |    10 |       ||    10
       Bread ration      |       |       |       |       |       |     1 |       ||     1
Armor: Robe              |    28 |    51 |    28 |       |       |       |       ||   107
       Gold dragon scale |       |       |     4 |   429 |   945 |   935 |    21 ||  2334
       Skin              |       |       |       |       |     2 |       |    15 ||    17
Dodge: Dodged            |    42 |    98 |    61 |    88 |   230 |   293 |    11 ||   823
Block: Other             |       |       |       |       |    21 |    28 |       ||    49
